Map: 天界封锁

Players

梦想天生

  • Race: Zerg Zerg
  • Spawn Location: 7:00

喂人民服雾

  • Race: Terran Terran
  • Spawn Location: 6:00

VOD

Have the link to the VOD?

Description

Time

  • Played on: March 5, 2018, 8:24 p.m.
  • Length: 9:00
Show
View Real Time Build Order
Export as new Build Order

梦想天生 Zerg 

Build Orders:  

Get SALT Encoding   

  12  0:19  Roach Warren  
  11  0:43  Roach  
  11  0:47  Spore Crawler  
  12  1:06  Overlord  
  12  1:09  Drone  
  13  1:35  Drone x2  
  13  1:37  Drone  
  13  1:38  Extractor  
  13  1:39  Extractor  
  14  1:49  Roach  
  14  2:11  Brutalisk, Drone  
  14  2:12  Drone x2  
  14  2:18  Roach  
  19  2:38  Drone  
  19  2:39  Drone  
  21  3:19  Lair  
  21  3:20  Drone  
  22  3:30  Roach  
  22  3:37  Overlord  
  22  3:52  Brutalisk  
  22  4:07  Roach  
  24  4:15  Nydus Network  
  23  5:07  Roach  
  23  5:11  Nydus Canal  
  23  5:29  Brutalisk  
  23  5:54  Nydus Canal  
  23  6:36  Nydus Canal  
  23  7:12  Nydus Canal  
Show
View Real Time Build Order
Export as new Build Order

喂人民服雾 Terran 

Build Orders:  

Get SALT Encoding   

Tags
 
Commander
AbathurRaynor
Matchup
Co-op
Replay Pack
Co-op Speedrun
Add a new tag
Caveats
  • Supply blocks, unpowered buildings, or Contaminate may cause inaccurate times.
  • Supply counts are checked every 10 seconds.